 Dungeon Crawl Stone Soup version 0.14-a0-2632-gd2f732a (webtiles) character file.

2147 4tharraofdagon the Cutter (level 9, 35/89 HPs)
             Began as a Djinni Wanderer on Feb 15, 2014.
             Was an Initiate of Zin (penitent).
             Quit the game on Level 8 of the Dungeon.
             The game lasted 00:18:21 (2252 turns).

4tharraofdagon the Cutter (Djinni Wanderer)         Turns: 2252, Time: 00:18:21

HP  35/89        AC  6     Str 17      XL: 9   Next:  0%
MP   0/0         EV 14     Int 14      God: *Zin
Gold 172         SH  0     Dex 10      Spells:  1 memorised, 17 levels left

rFire  + + +     SeeInvis .     j - +2,+3 dagger of Cheese {flame, +Fly rN+}
rCold  x . .     Clarity  .     A - +2 robe {MR+}
rNeg   + + +     Conserve .     (no shield)
rPois  .         rCorr    .     (no helmet)
rElec  .         rRot     .     (no cloak)
SustAb . .       Spirit   .     (no gloves)
rMut   .         Warding  .     (boots unavailable)
Saprov . . .     Stasis   .     (no amulet)
MR     +....                    (no ring)
                                z - cursed +3 ring of evasion

@: flying, somewhat resistant to hostile enchantments, unstealthy
A: fire immunity, cold vulnerability, slimy green scales 1, life protection 3,
robust 1
a: Renounce Religion


You were on level 8 of the Dungeon.
You worshipped Zin.
Zin was demanding penance.
You were not hungry.

You visited 2 branches of the dungeon, and saw 10 of its levels.
You also visited: Ossuary.

You collected 191 gold pieces.
You donated 19 gold pieces.

Inventory:

Hand weapons
 a - a +3,+1 mace
 g - the +10,+10 dagger "Giantbane" {drain, Dex+3 Int+2}
   (You found it on level 4 of the Dungeon)

   A truly terrible weapon, it drains the life of those it strikes.
   It affects your intelligence (+2).
   It affects your dexterity (+3).
   Zin opposes the use of such an evil item.
 h - a +2 blowgun
 j - the cursed +2,+3 dagger of Cheese (weapon) {flame, +Fly rN+}
   (You found it on level 4 of the Dungeon)

   It emits flame when wielded, causing extra injury to most foes and up to
   double damage against particularly susceptible opponents.
   It protects you from negative energy.
   It lets you fly.
   It has a curse placed upon it.
 I - a +5,+4 elven dagger of speed
Missiles
 i - 5 poisoned needles
 o - a throwing net (quivered)
 y - 16 darts
 B - 4 needles of sleeping
Armour
 b - a +0 robe
 c - a cursed +0 ring mail
 d - a cursed +0 orcish leather armour
 n - a +0 chain mail
 A - a +2 robe of magic resistance (worn)
 K - a +0 ring mail of cold resistance
Magical devices
 e - a wand of paralysis (0)
 q - a wand of polymorph (9)
 J - a wand of polymorph (7)
Scrolls
 l - 3 scrolls of remove curse
 r - a scroll of teleportation
 t - a scroll of fear {unknown}
 x - a scroll of recharging {unknown}
 C - a scroll of immolation {unknown}
 E - 2 scrolls of noise {unknown}
 G - a scroll of fog {unknown}
 H - 2 scrolls of curse weapon {unknown}
Jewellery
 z - a cursed +3 ring of evasion (left hand)
Potions
 f - 2 potions of resistance {unknown}
 m - 2 potions of heal wounds {unknown}
 p - a potion of mutation {unknown}
 s - a potion of magic
 v - a potion of lignification
 w - 4 potions of curing
 D - a potion of degeneration
 F - a potion of poison
Books
 k - a book of War Chants

   Spells                             Type                      Level
   Fire Brand                         Charms/Fire                  2
   Freezing Aura                      Charms/Ice                   2
   Shroud of Golubria                 Charms/Translocation         2
   Repel Missiles                     Charms/Air                   2
   Poison Weapon                      Charms/Poison                3
   Regeneration                       Charms/Necromancy            3
Magical staves
 u - an uncursed staff of power {unknown}


   Skills:
 + Level 5.0 Fighting
 * Level 6.0 Short Blades
 - Level 3.4 Maces & Flails
 + Level 5.5 Armour
 - Level 1.0 Stealth
   Level 1.0 Shields
 + Level 5.2 Spellcasting
 - Level 3.0 Summonings
 - Level 1.2 Evocations


You had 17 spell levels left.
You knew the following spells:

 Your Spells              Type           Power        Failure   Level  Hunger
a - Summon Small Mammal   Summ           ##..         6%          1    None


Dungeon Overview and Level Annotations

Branches:
Dungeon (9/16)             Temple (1/1) D:7
    Orc: D:9-12        Lair: D:8-11

Altars:
Cheibriados
Makhleb
Sif Muna
Vehumet
Zin

Shops:
D:4 (


Innate Abilities, Weirdness & Mutations

You are immune to all types of fire, even holy and hellish.
You are vulnerable to cold.
You need no food.
You have no legs.
You are immune to negative energy.
You are partially covered in slimy green scales (AC +2).
You are robust (+10% HP).


Message History

Found 10 gold pieces.
There is an open door here.
Found 15 arrows.
Evoke which item? (* to show all) (? for menu, Esc to quit)
Okay, then.
There is an open door here.
There is an open door here.
There is an escape hatch in the ceiling here.
You fly upwards.
The hatch slams shut behind you.
A hydra and a big kobold come into view.
The three-headed hydra roars!
You hear a bellow!
You hear a bellow!
The three-headed hydra bites you! The three-headed hydra bites you.
The three-headed hydra closely misses you.
The big kobold hits you but does no damage.
The three-headed hydra bites you! The three-headed hydra misses you.
The three-headed hydra bites you!
Found a runed cutlass.
You see here 2 meat rations.
Unknown command.
Are you sure you want to abandon this character and quit the game? (Confirm with "yes".)

#############.#
##+# #K)# +@D#
####


You could see a three-headed hydra and a big kobold.

Vanquished Creatures
  Joseph (D:7)
  Eustachio (D:6)
  A phantom (D:6)
  2 ice beasts
  2 sky beasts (D:5)
  An ogre (D:5)
  2 centaurs
  Sigmund (D:6)
  3 giant goldfish (D:6)
  Duvessa (D:7)
  A jellyfish (D:6)
  Dowan (D:7)
  A crimson imp (D:5)
  A giant frog skeleton (D:6)
  3 giant frogs (D:6)
  2 hounds
  A scorpion (D:5)
  2 orc wizards (D:7)
  3 worker ants
  An ogre skeleton (D:6)
  A hound zombie (D:6)
  3 mummies (Ossuary)
  3 iguanas
  A gnoll (D:4)
  2 adders
  An orc skeleton (D:4)
  A goliath beetle zombie (D:7)
  A worm (D:5)
  A giant centipede zombie (D:7)
  3 adder zombies (Ossuary)
  A giant eyeball (D:7)
  3 giant geckos
  An ooze (D:5)
  4 orcs
  7 bats
  3 giant cockroaches
  3 hobgoblins
  6 jackals
  4 quokkas
  A giant newt (D:6)
  4 goblins
  A goblin zombie (Ossuary)
  5 hobgoblin zombies (Ossuary)
  10 kobolds
  3 kobold zombies (Ossuary)
  2 quokka zombies (Ossuary)
  4 rats
  4 rat zombies (Ossuary)
114 creatures vanquished.

Notes
Turn   | Place    | Note
--------------------------------------------------------------
     0 | D:1      | 4tharraofdagon, the Djinni Wanderer, began the quest for the Orb.
     0 | D:1      | Reached XP level 1. HP: 16/16 MP: 0/0
    89 | D:1      | Reached skill level 1 in Armour
   109 | D:2      | Reached XP level 2. EP: 22/22
   339 | D:4      | Got a transparent dagger
   340 | D:4      | Identified the +10,+10 dagger "Giantbane" {drain, Dex+3 Int+2} (You found it on level 4 of the Dungeon)
   388 | D:4      | Found Baange's Weapon Shoppe.
   400 | D:4      | Got a bloodstained dagger
   401 | D:4      | Identified the cursed +2,+3 dagger of Cheese {flame, +Fly rN+} (You found it on level 4 of the Dungeon)
   469 | D:4      | Reached skill level 1 in Short Blades
   469 | D:4      | Reached XP level 3. EP: 21/28
   585 | D:4      | Reached XP level 4. EP: 34/34
   683 | D:5      | Entered Level 5 of the Dungeon
   806 | D:5      | Reached skill level 1 in Evocations
   809 | D:5      | Noticed an ogre
   821 | D:5      | Killed an ogre
   821 | D:5      | Reached skill level 1 in Spellcasting
   821 | D:5      | Reached XP level 5. EP: 34/43
   827 | D:5      | Noticed a sky beast
   834 | D:5      | Killed a sky beast
   834 | D:5      | Reached XP level 6. EP: 43/51
   892 | D:5      | Noticed a sky beast
   900 | D:5      | Killed a sky beast
   907 | D:5      | Gained mutation: You are robust (+10% HP). [mutagenic meat]
   908 | D:5      | Gained mutation: You are partially covered in slimy green scales (AC +2). [mutagenic meat]
   921 | D:5      | Noticed a centaur
   927 | D:5      | Killed a centaur
  1054 | D:6      | Reached XP level 7. EP: 63/63
  1109 | D:6      | Reached skill level 4 in Short Blades
  1157 | D:6      | Noticed Sigmund
  1164 | D:6      | Killed Sigmund
  1289 | D:7      | Reached XP level 8. EP: 70/77
  1320 | D:6      | Reached skill level 5 in Short Blades
  1407 | D:7      | Found a sand-covered staircase.
  1411 | Ossuary  | Entered an ossuary
  1598 | D:7      | Found a staircase to the Ecumenical Temple.
  1608 | Temple   | Entered the Ecumenical Temple
  1650 | Temple   | Became a worshipper of Zin the Law-Giver
  1650 | Temple   | Acquired Zin's first power
  1690 | D:7      | Noticed Duvessa
  1690 | D:7      | Noticed Dowan
  1695 | D:7      | Was placed under penance by Zin
  1696 | D:7      | Killed Duvessa
  1700 | D:7      | Killed Dowan
  1724 | D:7      | Noticed Joseph
  1755 | D:7      | Killed Joseph
  1755 | D:7      | Reached skill level 5 in Armour
  1934 | D:6      | Noticed Eustachio
  1993 | D:6      | Killed Eustachio
  1993 | D:6      | Reached skill level 5 in Spellcasting
  2063 | D:7      | Paralysed by a giant eyeball for 3 turns
  2165 | D:8      | Reached skill level 5 in Fighting
  2165 | D:8      | Reached skill level 6 in Short Blades
  2165 | D:8      | Reached XP level 9. EP: 74/89
  2237 | D:9      | Noticed a hill giant
  2251 | D:8      | Noticed a three-headed hydra
  2252 | D:8      | Quit the game

Action                   |  1- 3 |  4- 6 |  7- 9 || total
-------------------------+-------+-------+-------++-------
Melee: Mace              |    43 |       |       ||    43
       Dagger            |    30 |    51 |   265 ||   346
 Fire: Blowgun           |       |     5 |       ||     5
Evoke: Wand              |     1 |     3 |    11 ||    15
  Use: Scroll            |     2 |     1 |     6 ||     9
       Potion            |     1 |       |     3 ||     4
 Stab: Paralysed         |       |     6 |     6 ||    12
